 Dungeon Crawl Stone Soup version 0.19-a0-1670-gc28a5d9 (webtiles) character file.

294 LORDOFBUTT the Sneak (level 6, -4/38 HPs)
             Began as an Octopode Enchanter on Sept 21, 2016.
             Slain by a gnoll
             ... wielding a +0 halberd
              (7 damage)
             ... on level 3 of the Dungeon.
             The game lasted 00:03:39 (2280 turns).

LORDOFBUTT the Sneak (Octopode Enchanter)           Turns: 2280, Time: 00:03:40

Health: -4/38      AC:  1    Str:  7    XL:     6   Next: 33%
Magic:  7/9        EV: 14    Int: 17    God:
Gold:   160        SH:  0    Dex: 15    Spells: 2 memorised, 6 levels left

rFire  . . .     SeeInvis .     h - +0 short sword (speed)
rCold  . . .     Gourm    .     (no shield)
rNeg   . . .     Faith    .     (helmet restricted)
rPois  .         Spirit   .     (no amulet)
rElec  .         Dismiss  .     (no ring)
rCorr  .         Reflect  .     (no ring)
MR     .....     Harm     .     (no ring)
Stlth  +++++.....               (no ring)
                                (no ring)
                                (no ring)
                                (no ring)
                                (no ring)

@: very slightly contaminated
A: almost no armour, stealthy swim, amphibious, 8 rings, constrict 8, camouflage
1, gelatinous body 1
a: no special abilities


You were on level 3 of the Dungeon.
You were not hungry.

You visited 1 branch of the dungeon, and saw 3 of its levels.

You collected 160 gold pieces.

Inventory:

Hand Weapons
 a - a +1 dagger
 h - a +0 short sword of speed (weapon)
Jewellery
 d - an uncursed ring of protection from cold {unknown}
Scrolls
 f - 2 scrolls of identify {unknown}
 g - 2 scrolls of teleportation {unknown}
 i - a scroll of blinking {unknown}
 j - 3 scrolls of remove curse {unknown}
 l - a scroll of immolation {unknown}
 m - a scroll of amnesia {unknown}
 p - a scroll of fog {unknown}
Potions
 e - 2 potions of lignification {unknown}
 k - a potion of curing {unknown}
 n - a potion of heal wounds {unknown}
Books
 b - a book of Maledictions

   Spells                             Type                      Level
   a - Corona                         Hexes                        1
   b - Ensorcelled Hibernation        Hexes/Ice                    2
   c - Confuse                        Hexes                        3
   d - Tukima's Dance                 Hexes                        3
   e - Dazzling Spray                 Conjuration/Hexes            3
Comestibles
 c - a bread ration


   Skills:
 + Level 1.5 Fighting
 + Level 2.7 Short Blades
 + Level 2.5 Dodging
 + Level 6.9 Stealth
 + Level 2.3 Spellcasting
 + Level 3.7 Hexes
 + Level 1.0 Ice Magic


You had 6 spell levels left.
You knew the following spells:

 Your Spells              Type           Power        Failure   Level  Hunger
a - Corona                Hex            ##.....      4%          1    #......
b - Ensorcelled Hibernat  Hex/Ice        ##....       14%         2    ##.....


Dungeon Overview and Level Annotations

Branches:
Dungeon (3/15)

Altars:
Fedhas
Kikubaaqudgha
Okawaru
Uskayaw


Innate Abilities, Weirdness & Mutations

You cannot wear most types of armour.
You are very stealthy in the water.
You are amphibious.
You can wear up to eight rings at the same time.
You can use your tentacles to constrict eight enemies at once.
Your skin changes colour to match your surroundings (Stealth+).
Your rubbery body absorbs attacks. (AC +1, EV +1)


Message History

The big kobold hits you but does no damage.
The kobold closely misses you. The gnoll hits you with a halberd!
* * * LOW HITPOINT WARNING * * *
Found 27 gold pieces.
There is an open door, spattered with blood here.
The big kobold throws a stone.
The stone hits you.
* * * LOW HITPOINT WARNING * * *
The gnoll misses you.
You see here a stone.
Okay, then.
Casting: Ensorcelled Hibernation
Confirm with . or Enter, or press ? or * to list all spells.
Aiming: Ensorcelled Hibernation
Press: ? - help, Shift-Dir - straight line, f - kobold
Aim: a kobold, wielding a whip (chance to defeat MR: 59%)
You miscast Ensorcelled Hibernation.
You are very lightly contaminated with residual magic.
Nothing appears to happen.
The gnoll hits you from afar with a halberd!
You die...

#### ######## ...##
##......#
....###.((((..#
.....#.(......##+#
...(.#.....(.....#
.....'.(.........#
..)..#..........@#
.(...#........##K#
..).###.....(.#gKK#
...## ##......#gKK#
#### ########gg$#
#####


You could see 2 big kobolds, 4 gnolls and 3 kobolds.

Vanquished Creatures
  A big kobold (D:3)
  Ijyb (D:3)
  Terence (D:2)
  Natasha (twice) (D:2)
  4 adders (D:2)
  2 worms (D:2)
  4 leopard geckos (D:1)
  A ball python (D:1)
  2 giant cockroaches (D:1)
  5 goblins
  5 hobgoblins
  5 jackals
  2 quokkas (D:2)
  3 bats
  4 frilled lizards (D:2)
  34 kobolds
  6 rats
82 creatures vanquished.

Notes
Turn   | Place    | Note
-------+----------+-------------------------------------------
     0 | D:1      | LORDOFBUTT the Octopode Enchanter began the quest for the Orb.
     0 | D:1      | Reached XP level 1. HP: 11/11 MP: 3/3
   403 | D:1      | Reached XP level 2. HP: 13/17 MP: 5/5
   668 | D:1      | Reached XP level 3. HP: 18/21 MP: 6/6
   677 | D:1      | Learned a level 2 spell: Ensorcelled Hibernation
   828 | D:2      | Noticed Terence
   850 | D:2      | Killed Terence
   850 | D:2      | Reached skill level 5 in Stealth
  1042 | D:2      | Noticed Natasha
  1046 | D:2      | Killed Natasha
  1046 | D:2      | Reached XP level 4. HP: 27/27 MP: 7/7
  1173 | D:2      | Reached skill level 6 in Stealth
  1178 | D:2      | Found an iron altar of Okawaru.
  1187 | D:2      | Noticed Natasha
  1194 | D:2      | Killed Natasha
  1194 | D:2      | Reached XP level 5. HP: 22/32 MP: 8/8
  1338 | D:2      | Found an ancient bone altar of Kikubaaqudgha.
  1339 | D:2      | Found a hide-covered altar of Uskayaw.
  1440 | D:2      | Reached skill level 1 in Fighting
  1658 | D:2      | Found a blossoming altar of Fedhas.
  1666 | D:2      | Found an iron altar of Okawaru.
  1712 | D:3      | Noticed Ijyb
  1724 | D:3      | Killed Ijyb
  1907 | D:3      | Noticed a big kobold
  1918 | D:3      | Killed a big kobold
  1918 | D:3      | Reached skill level 1 in Ice Magic
  1918 | D:3      | Reached XP level 6. HP: 19/38 MP: 9/9
  2280 | D:3      | Slain by a gnoll

Vault maps used:
D:1:      zelgadis_glass_arrival_small
D:2:      gammafunk_temple_overflow_pools, minitemple,
          okawaru_ov_weapons_minmay, uniq_natasha, uniq_terence
D:3:      minmay_goblin_kobold_castle, uniq_iyjb

Skill      XL: |  1  2  3  4  5 |
---------------+----------------+-----
Stealth        | 5 6 |  6.9
Fighting       | 1 |  1.5
Short Blades   | 2 |  2.7
Ice Magic      | 1 |  1.0
Dodging        | |  2.5
Spellcasting   | |  2.3
Hexes          | |  3.7

Action                   |  1- 3 |  4- 6 || total
-------------------------+-------+-------++-------
Melee: Dagger            |    22 |       ||    22
       Constrict         |    10 |    34 ||    44
       Tentacles         |    10 |    22 ||    32
       Short sword       |    40 |   145 ||   185
 Cast: Ensorcelled Hiber |     3 |     3 ||     6
 Stab: Sleeping          |    12 |    10 ||    22
  Eat: Chunk             |       |     2 ||     2
       Fruit             |       |     2 ||     2
       Meat ration       |       |     1 ||     1
Armor: Skin              |     3 |     2 ||     5
Dodge: Dodged            |    29 |    76 ||   105
